 Dungeon Crawl Stone Soup version 0.30.0-11-gf55b779eaf (webtiles) character file.

Game seed: 5529719722269435644

2245 retardedninja the Magician (level 9, -3/66 HPs)
             Began as a Gnoll Fire Elementalist on May 16, 2023.
             Was an Initiate of Cheibriados.
             Killed from afar by an orc wizard (6 damage)
             ... with a magic dart
             ... on level 6 of the Dungeon.
             The game lasted 00:11:56 (8198 turns).

retardedninja the Magician (GnFE)                   Turns: 8198, Time: 00:11:56

Health: -3/66      AC:  3    Str:  9    XL:     9   Next: 37%
Magic:  3/19       EV: 14    Int: 19    God:    Cheibriados [......]
Gold:   336        SH:  0    Dex: 14    Spells: 11/21 levels left

rFire   + . .        n - staff of fire
rCold   . . .        (no shield)
rNeg    . . .        a - +0 robe
rPois   .            (no helmet)
rElec   .            (no cloak)
rCorr   .            B - +0 pair of gloves
SInv    .            (no boots)
Will    .....        (no amulet)
Stlth   +++          (no ring)
HPRegen 0.31/turn    (no ring)
MPRegen 0.16/turn

%: no passive effects
@: brilliant, on berserk cooldown, very slow
A: fangs 1, strong nose, distributed training
a: Renounce Religion


You were on level 6 of the Dungeon.
You worshipped Cheibriados.
Cheibriados was noncommittal.
You visited 2 branches of the dungeon, and saw 8 of its levels.

You collected 336 gold pieces.

Inventory:

Hand Weapons
 l - a +0 great mace
Armour
 a - a +0 robe (worn)
 B - a +0 pair of gloves (worn)
Magical Staves
 n - a staff of fire (weapon)
Jewellery
 i - a +6 ring of dexterity
 C - a +5 ring of evasion
Wands
 r - a wand of paralysis (7)
 y - a wand of flame (10)
Scrolls
 f - a scroll of amnesia {unknown}
 h - 5 scrolls of teleportation
 p - a scroll of enchant armour {unknown}
 s - a scroll of vulnerability {unknown}
 t - 2 scrolls of enchant weapon {unknown}
 u - a scroll of immolation
 v - a scroll of blinking {unknown}
 w - a scroll of fear {unknown}
 A - 2 scrolls of noise
Potions
 c - 2 potions of haste {unknown}
 g - 2 potions of might
 j - a potion of attraction
 x - 2 potions of cancellation {unknown}
 z - a potion of flight {unknown}


   Skills:
 + Level 4.3 Fighting
 + Level 4.3 Short Blades
 + Level 4.3 Long Blades
 + Level 4.3 Axes
 + Level 4.3 Maces & Flails
 + Level 4.3 Polearms
 + Level 4.3 Staves
 + Level 4.3 Ranged Weapons
 + Level 4.3 Throwing
 + Level 4.3 Armour
 + Level 6.4 Dodging
 + Level 6.1 Stealth
 + Level 4.3 Shields
 + Level 4.3 Unarmed Combat
 + Level 6.7 Spellcasting
 + Level 4.2 Conjurations
 + Level 3.5 Hexes
 + Level 3.5 Summonings
 + Level 3.5 Necromancy
 + Level 3.5 Translocations
 + Level 3.5 Transmutations
 + Level 6.6 Fire Magic
 + Level 3.5 Ice Magic
 + Level 3.5 Air Magic
 + Level 3.5 Earth Magic
 + Level 3.5 Poison Magic
 + Level 4.8 Invocations
 + Level 4.3 Evocations


You had 11 spell levels left.
You knew the following spells:

 Your Spells              Type           Power      Damage    Failure   Level
a - Foxfire               Conj/Fire      100%       2x1d9     1%          1
b - Scorch                Fire           100%       2d9       1%          2
c - Flame Wave            Conj/Fire      57%        2d14      11%         4
d - Inner Flame           Hex/Fire       55%        N/A       3%          3

Your spell library contained the following spells:

 Spells                   Type           Power      Damage    Failure   Level
 Apportation              Tloc           60%        N/A       2%          1
 Freeze                   Ice            100%       1d10      2%          1
 Volatile Blastmotes      Fire/Tloc      100%       2d18      3%          3
 Ignite Poison            Fire/Tmut/Pois 52%        N/A       4%          3
 Hailstorm                Conj/Ice       31%        3d8       6%          3
 Frozen Ramparts          Ice            60%        1d10      7%          3
 Sticky Flame             Conj/Fire      57%        2d7       11%         4
 Ice Form                 Ice/Tmut       30%        N/A       24%         4
 Alistair's Intoxication  Tmut/Pois      20%        N/A       54%         5
 Simulacrum               Ice/Necr       15%        N/A       98%         6
 Ignition                 Fire           31%        3d10      100%        8


Dungeon Overview and Level Annotations

Branches:
Dungeon (7/15)             Temple (1/1) D:4

Altars:
Cheibriados
Elyvilon
Fedhas
Gozag
Hepliaklqana
Kikubaaqudgha
Makhleb
Okawaru
Ru
Trog
Uskayaw
Wu Jian
Xom
Yredelemnul
Zin
The Shining One

Shops:
D:1 ?   D:4 (?=

Annotations:
D:3 3 runed translucent doors, elongatedgoose's ghost, amateur SpAr
D:7 1 runed translucent door, Eustachio


Innate Abilities, Weirdness & Mutations

You have very sharp teeth.
Your uncanny sense of smell can sniff out nearby items.
Your experience applies equally to all skills.


Message History

You feel a little less clever now. The hound completely misses you.
The orc wizard misses you.
The orc wizard casts a spell.
The orc wizard flickers and vanishes!
Deactivating autopickup; reactivate with Ctrl-A.
Casting: Scorch (safe; 1% risk of failure)
Confirm with . or Enter, or press ? or * to list all spells.
You feel a surge of power!
Flames lash something.
The hound misses you. Something hits you but does no damage.
The hound bites you.
* * * LOW HITPOINT WARNING * * *
The orc wizard hits you with a +0 dagger.
* * * LOW HITPOINT WARNING * * *
You feel clever all of a sudden. The hound barely misses you.
Something hits you but does no damage.
The orc wizard hits you with a +0 dagger.
* * * LOW HITPOINT WARNING * * *
Unknown command.
Casting: Scorch (safe; 1% risk of failure)
Confirm with . or Enter, or press ? or * to list all spells.
You feel a strong surge of power!
Flames lash the orc wizard.
The orc wizard is burned terribly!
The orc wizard is heavily wounded.
The hound misses you. The hound completely misses you.
Something hits you but does no damage. The orc wizard closely misses you.
Casting: Scorch (safe; 1% risk of failure)
Confirm with . or Enter, or press ? or * to list all spells.
You feel a strong surge of power!
Flames lash the orc wizard.
The orc wizard is burned terribly!
You kill the orc wizard!
Cheibriados appreciates the change of pace.
The hound bites you but does no damage. Something hits you.
* * * LOW HITPOINT WARNING * * *
Casting: Scorch (safe; 1% risk of failure)
Confirm with . or Enter, or press ? or * to list all spells.
You feel a strong surge of power!
Flames lash something.
The hound bites you.
* * * LOW HITPOINT WARNING * * *
You hear some strange, mumbled words.
A magic dart appears from out of thin air!
The magic dart hits you.
You die...

#. .# ## .. .. ∆
###. .# .... #..#
.###..###..###. #.
...............##.
#....)@#. ...
#....{.h.# ..
#...)..#.# ##.#
#......#.####..##
#......#........#
...######.....§..#
.## #........#
#.h......#
#........#


You could see a hound.

Vanquished Creatures
  Pikel (D:7)
  2 ice beasts
  2 black bears
  A sky beast (D:7)
  A centaur (D:5)
  2 lemures (D:7)
  A phantom (D:7)
  2 scorpions
  3 wights (D:7)
  2 howler monkeys (D:7)
  3 hounds
  4 orc priests
  2 gnoll boudas
  2 jellies
  8 orc wizards
  9 gnolls
  6 adders
  A white imp (D:5)
  7 ufetubi
  2 worms
  A dart slug (D:4)
  13 orcs
  13 bats
  9 endoplasms
  4 giant cockroaches
  5 hobgoblins
  4 jackals (D:5)
  6 quokkas
  10 ball pythons
  5 frilled lizards
  12 goblins
  7 kobolds
  2 rats (D:3)
152 creatures vanquished.

Vanquished Creatures (collateral kills)
  A foxfire (D:3)
1 creature vanquished.

Vanquished Creatures (others)
  618 foxfires
618 creatures vanquished.

Grand Total: 771 creatures vanquished

Notes
Turn   | Place    | Note
-------+----------+-------------------------------------------
     0 | D:1      | retardedninja the Gnoll Fire Elementalist began the quest
                  | for the Orb.
     0 | D:1      | Reached XP level 1. HP: 13/13 MP: 6/6
   278 | D:1      | Reached XP level 2. HP: 19/19 MP: 5/7
   358 | D:1      | Found Boga Yte's Magic Scroll Shop.
  1008 | D:1      | Reached skill level 5 in Spellcasting
  1008 | D:1      | Reached XP level 3. HP: 25/25 MP: 5/9
  1530 | D:1      | Reached skill level 1 in Invocations
  2120 | D:2      | Reached skill level 1 in Fighting
  2120 | D:2      | Reached skill level 1 in Short Blades
  2120 | D:2      | Reached skill level 1 in Long Blades
  2120 | D:2      | Reached skill level 1 in Axes
  2120 | D:2      | Reached skill level 1 in Maces & Flails
  2120 | D:2      | Reached skill level 1 in Polearms
  2120 | D:2      | Reached skill level 1 in Staves
  2120 | D:2      | Reached skill level 1 in Ranged Weapons
  2120 | D:2      | Reached skill level 1 in Throwing
  2120 | D:2      | Reached skill level 1 in Armour
  2120 | D:2      | Reached skill level 1 in Shields
  2120 | D:2      | Reached skill level 1 in Unarmed Combat
  2120 | D:2      | Reached skill level 1 in Evocations
  2221 | D:2      | Reached XP level 4. HP: 32/32 MP: 6/11
  2334 | D:2      | Reached skill level 1 in Hexes
  2334 | D:2      | Reached skill level 1 in Summonings
  2334 | D:2      | Reached skill level 1 in Necromancy
  2334 | D:2      | Reached skill level 1 in Translocations
  2334 | D:2      | Reached skill level 1 in Transmutations
  2334 | D:2      | Reached skill level 1 in Ice Magic
  2334 | D:2      | Reached skill level 1 in Air Magic
  2334 | D:2      | Reached skill level 1 in Earth Magic
  2334 | D:2      | Reached skill level 1 in Poison Magic
  2574 | D:2      | Learned a level 2 spell: Scorch
  2814 | D:3      | Found a runed translucent gate.
  2814 | D:3      | Found a runed translucent gate.
  2814 | D:3      | Found a runed translucent gate.
  2871 | D:3      | Noticed elongatedgoose's ghost (amateur SpAr)
  3011 | D:3      | Found an ancient bone altar of Kikubaaqudgha.
  3121 | D:3      | Reached XP level 5. HP: 37/37 MP: 7/12
  3735 | D:3      | Found a faded altar of an unknown god.
  3925 | D:4      | Reached XP level 6. HP: 44/44 MP: 9/13
  4034 | D:4      | Reached skill level 5 in Dodging
  4179 | D:4      | Found Kymouq's Jewellery Emporium.
  4216 | D:4      | Found Ilil's Weapon Boutique.
  4370 | D:4      | Found a staircase to the Ecumenical Temple.
  4584 | D:4      | Found Dahadgh's Magic Scroll Shop.
  4807 | Temple   | Entered the Ecumenical Temple
  4976 | D:5      | Entered Level 5 of the Dungeon
  4980 | D:5      | Found a glowing silver altar of Zin.
  5037 | D:5      | Noticed a black bear
  5044 | D:5      | Killed a black bear
  5045 | D:5      | Reached XP level 7. HP: 40/51 MP: 4/15
  5278 | D:5      | Reached skill level 5 in Stealth
  5889 | D:5      | Reached XP level 8. HP: 58/58 MP: 12/16
  6411 | D:5      | Learned a level 4 spell: Flame Wave
  6415 | D:5      | Learned a level 3 spell: Inner Flame
  6589 | D:6      | Noticed Eustachio
  6592 | D:6      | Noticed Pikel
  7358 | D:7      | Found a runed translucent door.
  7552 | D:7      | Found a basalt altar of Yredelemnul.
  7555 | D:7      | Noticed a profane servitor
  7565 | D:7      | Found a glowing golden altar of the Shining One.
  7567 | D:7      | Noticed an angel
  7610 | D:7      | Found a shimmering altar of Xom.
  7610 | D:7      | Found a snail-covered altar of Cheibriados.
  7619 | D:7      | Became a worshipper of Cheibriados the Contemplative
  7664 | D:7      | Found a burning altar of Makhleb.
  7744 | D:7      | Reached XP level 9. HP: 63/65 MP: 10/18
  8132 | D:7      | Killed Pikel
  8190 | D:6      | HP: 3/66 [hound (4)]
  8198 | D:6      | HP: 3/66 [hound (2)]
  8198 | D:6      | Killed from afar by an orc wizard

Illustrated notes

Levels and vault maps discovered:
D:1:      heliophobic_arrival_ceremonial_halls, layout_loops_corners,
          serial_shops, shop
D:2:      layout_basic
D:3:      layout_rooms, mainiacjoe_overflow_surrounded_room,
          chequers_ecumenical_altar_twisty, ebering_ghost_rock_garden,
          guppyfry_early_lair_pool
D:4:      layout_loops_ring, minmay_temple_entry_overgrown, serial_shops,
          shop_coins, shop, shop, st_stairs_5
D:5:      layout_basic, nicolae_overflow_hidden_temple
D:6:      layout_rooms, amcnicky_altar_gilded, corexii_shack,
          minmay_misc_feat_nine_boxes, uniq_pikel, uniq_eustachio, uniq_menkaure
D:7:      layout_basic, grunt_temple_overflow_holy_war, old_standard_altar,
          nicolae_overflow_two_pavilions, lightli_church_of_beogh
Temple:   hellmonk_temple_forest_ring

Skill      XL: |  1  2  3  4  5  6  7  8  9 |
---------------+----------------------------+-----
Conjurations   | 2 3 4 |  4.2
Spellcasting   | 5 6 |  6.7
Invocations    | 1 2 3 4 |  4.8
Fighting       | 1 2 3 4 |  4.3
Short Blades   | 1 2 3 4 |  4.3
Long Blades    | 1 2 3 4 |  4.3
Axes           | 1 2 3 4 |  4.3
Maces & Flails | 1 2 3 4 |  4.3
Polearms       | 1 2 3 4 |  4.3
Staves         | 1 2 3 4 |  4.3
Ranged Weapons | 1 2 3 4 |  4.3
Throwing       | 1 2 3 4 |  4.3
Armour         | 1 2 3 4 |  4.3
Shields        | 1 2 3 4 |  4.3
Unarmed Combat | 1 2 3 4 |  4.3
Evocations     | 1 2 3 4 |  4.3
Hexes          | 1 2 3 |  3.5
Summonings     | 1 2 3 |  3.5
Necromancy     | 1 2 3 |  3.5
Translocations | 1 2 3 |  3.5
Transmutations | 1 2 3 |  3.5
Ice Magic      | 1 2 3 |  3.5
Air Magic      | 1 2 3 |  3.5
Earth Magic    | 1 2 3 |  3.5
Poison Magic   | 1 2 3 |  3.5
Dodging        | 5 6 |  6.4
Stealth        | 5 6 |  6.1
Fire Magic     | 6 |  6.6

Action                     |  1- 3 |  4- 6 |  7- 9 || total
---------------------------+-------+-------+-------++-------
  Melee: Unarmed           |     3 |       |       ||     3
         Punch             |     1 |       |       ||     1
         Staff             |       |     1 |    33 ||    34
         Bite              |       |       |     5 ||     5
   Cast: Foxfire           |   130 |   145 |   115 ||   390
         Scorch            |       |     7 |    67 ||    74
  Evoke: Wand              |       |       |     2 ||     2
    Use: Potion            |       |     1 |    12 ||    13
         Scroll            |       |       |    10 ||    10
   Stab: Paralysed         |       |       |     1 ||     1
 Armour: Robe              |     5 |     5 |    27 ||    37
  Dodge: Dodged            |    22 |    33 |   113 ||   168
